 Dungeon Crawl Stone Soup version 0.22.1 (webtiles) character file.

264 troglodite the Skirmisher (level 5, -2/66 HPs)
             Began as a Demonspawn Berserker on Sept 17, 2018.
             Was a Believer of Trog.
             Slain by a gnoll
             ... wielding a +0 halberd
              (11 damage)
             ... on level 2 of the Dungeon.
             The game lasted 00:03:22 (1829 turns).

troglodite the Skirmisher (Demonspawn Berserker)    Turns: 1829, Time: 00:03:23

Health: -2/66      AC:  3    Str: 22    XL:     5   Next: 98%
Magic:  0/5        EV: 13    Int:  8    God:    Trog [**....]
Gold:   106        SH:  0    Dex: 14    Spells: 4/4 levels left

rFire    . . .     SeeInvis .   a - +0 falchion
rCold    . . .     Gourm    .   (no shield)
rNeg     . . .     Faith    .   b - +0 animal skin
rPois    .         Spirit   +   (no helmet)
rElec    .         Reflect  .   (no cloak)
rCorr    .         Harm     .   (no gloves)
MR       .....                  (no boots)
Stlth    ..........             (no amulet)
HPRegen  0.21/turn              (no ring)
MPRegen  0.09/turn              (no ring)

@: berserking, very quick
A: rugged brown scales 1, spiny 2, magic shield
a: Berserk, Trog's Hand, Renounce Religion


You were on level 2 of the Dungeon.
You worshipped Trog.
Trog was pleased with you.
You were hungry.

You visited 1 branch of the dungeon, and saw 2 of its levels.

You collected 106 gold pieces.

Inventory:

Hand Weapons
 a - a +0 falchion (weapon)
Armour
 b - a +0 animal skin (worn)
Wands
 d - a wand of flame (33)
Scrolls
 g - a scroll of magic mapping {unknown}
 h - a scroll of identify {unknown}
Potions
 e - a potion of lignification {unknown}
 f - a potion of heal wounds {unknown}
 i - a potion of curing {unknown}
Comestibles
 c - a ration
 j - 2 chunks of flesh


   Skills:
 * Level 4.4 Fighting
 + Level 4.0 Long Blades
 * Level 2.7 Armour
 * Level 3.1 Dodging
 + Level 0.6 Stealth


You had 4 spell levels left.
You didn't know any spells.
Your spell library was empty.

Dungeon Overview and Level Annotations

Branches:
Dungeon (2/15)

Altars:


Innate Abilities, Weirdness & Mutations

You are partially covered in rugged brown scales. (AC +1, +3% HP)
You are mostly covered in sharp spines.
When hurt, damage is shared between your health and your magic reserves.


Message History

You barely miss the gnoll.
The gnoll is almost dead.
The gnoll hits you but does no damage.
The gnoll hits you from afar with a halberd!
You hit the gnoll but do no damage.
The gnoll is almost dead.
The gnoll is struck by your spines. The gnoll hits you.
The gnoll closely misses you.
You hit the gnoll but do no damage.
The gnoll is almost dead.
The gnoll is struck by your spines.
You kill the gnoll!
Trog accepts your kill.
The gnoll hits you from afar with a halberd!!
* * * LOW HITPOINT WARNING * * *
A red film seems to cover your vision as you go berserk!
You feel yourself moving faster!
You feel mighty!
You are feeling hungry.
The gnoll hits you from afar with a halberd!
You die...

....)...# #.# #
#######.###.#.#
#.....#.#
###.###.#####
#..........
#.......##
####...#.#.#
#..........####..##
##.##.>.#.#.@)g....#
#......)†.).#####...
#.##.###...## #.
#...# #. #....#
........ ..........
...........#
.......##...


You could see a gnoll.

Vanquished Creatures
  Sigmund (D:2)
  Jessica (D:2)
  3 gnolls (D:2)
  An adder (D:2)
  An ooze (D:1)
  3 giant cockroaches
  5 goblins
  5 hobgoblins
  6 kobolds
  4 bats
  5 frilled lizards
  7 rats
42 creatures vanquished.

Notes
Turn   | Place    | Note
-------+----------+-------------------------------------------
     0 | D:1      | troglodite the Demonspawn Berserker began the quest for the
                  | Orb.
     0 | D:1      | Reached XP level 1. HP: 18/18 MP: 1/1
   157 | D:1      | Gained mutation: When hurt, damage is shared between your
                  | health and your magic reserves. [demonic ancestry]
   157 | D:1      | Reached XP level 2. HP: 8/24 MP: 2/2
  1222 | D:1      | Gained mutation: You are partially covered in sharp spines.
                  | [demonic ancestry]
  1222 | D:1      | Reached XP level 3. HP: 29/29 MP: 3/3
  1285 | D:2      | Noticed Jessica
  1287 | D:2      | Reached ** piety under Trog
  1292 | D:2      | Killed Jessica
  1383 | D:2      | Gained mutation: You are mostly covered in sharp spines.
                  | [demonic ancestry]
  1383 | D:2      | Reached XP level 4. HP: 21/37 MP: 4/4
  1699 | D:2      | Noticed Sigmund
  1708 | D:2      | Killed Sigmund
  1708 | D:2      | Gained mutation: You are partially covered in rugged brown
                  | scales. (AC +1, +3% HP) [demonic ancestry]
  1708 | D:2      | Reached XP level 5. HP: 44/44 MP: 3/5
  1829 | D:2      | Slain by a gnoll

Skill      XL: |  1  2  3  4  5 |
---------------+----------------+-----
Long Blades    | 3 4 |  4.0
Armour         | 2 |  2.7
Dodging        | 2 3 |  3.1
Fighting       | 4 |  4.4
Stealth        | |  0.6

Action                   |  1- 3 |  4- 6 || total
-------------------------+-------+-------++-------
Melee: Falchion          |    82 |    28 ||   110
Invok: Berserk           |       |     2 ||     2
  Eat: Chunk             |     2 |     2 ||     4
Armor: Animal skin       |    14 |     5 ||    19
Dodge: Dodged            |    52 |    19 ||    71
       Rpst.: Falchion   |    13 |     7 ||    20
